 Dungeon Crawl Stone Soup version 0.27-a0-1308-gc08437e49b (webtiles) character file.

Game seed: 13834770113612884754

87 hatdisgam the Gusty (level 4, -1/36 HPs)
             Began as a Naga Air Elementalist on June 18, 2021.
             Slain by a water moccasin skeleton (5 damage)
             ... on level 3 of the Dungeon.
             The game lasted 00:03:23 (2797 turns).

hatdisgam the Gusty (Naga Air Elementalist)         Turns: 2797, Time: 00:03:24

Health: -1/36      AC:  2    Str: 10    XL:     4   Next: 51%
Magic:  6/7        EV: 10    Int: 16    God:
Gold:   48         SH:  0    Dex: 12    Spells: 4/7 levels left

rFire    . . .     SeeInvis +   e - +1 dagger (drain)
rCold    . . .     Faith    .   (no shield)
rNeg     . . .     Spirit   .   a - +0 robe
rPois    +         Reflect  .   (no helmet)
rElec    .         Harm     .   (no cloak)
rCorr    .         Rampage  .   (no gloves)
Will     .....                  (no barding)
Stlth    ++........             (no amulet)
HPRegen  0.12/turn              (no ring)
MPRegen  0.10/turn              (no ring)

@: very slow
A: AC +1, large, see invisible, deformed body, poison resistance, slowness 2,
spit poison 1, naga tail 1
a: Spit Poison


You were on level 3 of the Dungeon.
You visited 1 branch of the dungeon, and saw 3 of its levels.

You collected 48 gold pieces.

Inventory:

Hand Weapons
 e - a +1 dagger of draining (weapon)
Armour
 a - a +0 robe (worn)
Wands
 k - a wand of paralysis (9)
Scrolls
 b - a scroll of blinking {unknown}
 c - a scroll of identify {unknown}
 d - a scroll of teleportation {unknown}
 g - a scroll of enchant weapon {unknown}
Potions
 f - 2 potions of heal wounds {unknown}
 h - 2 potions of berserk rage {unknown}
 i - a potion of degeneration {unknown}
 j - 2 potions of haste {unknown}
 l - a potion of attraction {unknown}


   Skills:
 - Level 1.5 Dodging
 - Level 3.0 Stealth
 + Level 2.4 Spellcasting
 * Level 1.8 Conjurations
 * Level 4.6 Air Magic


You had 4 spell levels left.
You knew the following spells:

 Your Spells              Type           Power      Damage    Failure   Level
a - Shock                 Conj/Air       48%        1d6       5%          1
b - Static Discharge      Conj/Air       12%        N/A       9%          2

Your spell library contained the following spells:

 Spells                   Type           Power      Damage    Failure   Level
 Swiftness                Air            16%        N/A       9%          3
 Beastly Appendage        Tmut           2%         N/A       21%         1
 Wereblood                Tmut           1%         N/A       30%         2
 Airstrike                Air            8%         N/A       30%         4
 Spider Form              Tmut/Pois      0%         N/A       52%         3
 Ice Form                 Ice/Tmut       1%         N/A       89%         4
 Lightning Bolt           Conj/Air       6%         1d18      83%         5


Dungeon Overview and Level Annotations

Branches:
Dungeon (3/15)

Altars:
Hepliaklqana


Innate Abilities, Weirdness & Mutations

Your serpentine skin is tough. (AC +1)
You have supernaturally acute eyesight. (SInv)
Armour fits poorly on your strangely shaped body.
Your system is resistant to poisons. (rPois)
You cover ground very slowly.
You can spit poison.
You have a snake-like lower body.


Message History

The water moccasin skeleton is moderately damaged.
The water moccasin skeleton barely misses you.
You hit the water moccasin skeleton but do no damage.
The water moccasin skeleton is moderately damaged.
The water moccasin skeleton bites you.
You hit the water moccasin skeleton.
The water moccasin skeleton is heavily damaged.
The water moccasin skeleton closely misses you.
You hit the water moccasin skeleton.
The water moccasin skeleton is heavily damaged.
The water moccasin skeleton completely misses you.
The water moccasin skeleton misses you.
Casting: Shock (safe; 5% risk of failure)
Confirm with . or Enter, or press ? or * to list all spells.
Aiming: Shock (safe; 5% risk of failure)
Press: ? - help, Shift-Dir - straight line, f/p - water moccasin skeleton
Aim: a water moccasin skeleton (heavily damaged, 77% to hit)
The zap hits the water moccasin skeleton.
The water moccasin skeleton is heavily damaged.
The zap hits the worm.
The worm is lightly wounded.
The water moccasin skeleton bites you!
Unknown command.
Casting: Shock (safe; 5% risk of failure)
Confirm with . or Enter, or press ? or * to list all spells.
Aiming: Shock (safe; 5% risk of failure)
Press: ? - help, Shift-Dir - straight line, f/p - water moccasin skeleton
Aim: a water moccasin skeleton (heavily damaged, 77% to hit)
The zap hits the water moccasin skeleton.
The water moccasin skeleton is severely damaged.
The water moccasin skeleton bites you.
Unknown command.
The water moccasin skeleton closely misses you.
The water moccasin skeleton bites you!
* * * LOW HITPOINT WARNING * * *
The water moccasin skeleton bites you.
* * * LOW HITPOINT WARNING * * *
There is a stone staircase leading up here.
The water moccasin skeleton bites you.
You die...

######...88≈≈≈≈≈88..#
##....................
.....[!...............
#.....!..88≈≈≈≈≈88...
#>.....#....≈≈≈≈####.
#......#..##≈≈≈≈≈# #.
###......#.###≈≈≈≈)# #
#....###.w.##..≈≈≈≈..
#.....@Z...#...≈≈≈≈≈..
#.......###....≈≈≈≈≈..
#.........#
.....≈≈≈≈..
#...>.....# .....≈≈≈≈.
#.........# .....≈
########### ....≈≈
..≈≈


You could see a worm and a water moccasin skeleton.

Vanquished Creatures
  Jessica (D:2)
  2 adders (D:2)
  A worm (D:2)
  A dart slug (D:1)
  3 ball pythons
  4 endoplasms (D:1)
  2 giant cockroaches
  2 goblins
  2 hobgoblins
  3 jackals (D:1)
  A quokka (D:3)
  9 bats
  2 frilled lizards (D:1)
  4 kobolds
  2 rats (D:1)
39 creatures vanquished.

Notes
Turn   | Place    | Note
-------+----------+-------------------------------------------
     0 | D:1      | hatdisgam the Naga Air Elementalist began the quest for the
                  | Orb.
     0 | D:1      | Reached XP level 1. HP: 15/15 MP: 3/3
   556 | D:1      | Reached XP level 2. HP: 12/22 MP: 3/5
  1360 | D:1      | Reached XP level 3. HP: 25/28 MP: 4/6
  1716 | D:2      | Reached skill level 4 in Air Magic
  1738 | D:2      | Learned a level 2 spell: Static Discharge
  2216 | D:2      | Noticed Jessica
  2226 | D:2      | Killed Jessica
  2227 | D:2      | Reached XP level 4. HP: 28/36 MP: 5/7
  2293 | D:2      | Found a hazy altar of Hepliaklqana.
  2797 | D:3      | Slain by a water moccasin skeleton

Illustrated notes

Levels and vault maps discovered:
D:1:      mrwooster_arrival_statue_2, layout_basic
D:2:      layout_basic, basic_altar, minmay_tetromino_i2, uniq_jessica
D:3:      wander_river, layout_rooms, lemuel_crystal_altar,
          chequers_temple_overflow_minitemple, amcnicky_altar_gilded,
          uniq_crazy_yiuf_cottage

Skill      XL: |  1  2  3 |
---------------+----------+-----
Air Magic      | 4 |  4.6
Dodging        | |  1.5
Stealth        | |  3.0
Spellcasting   | |  2.4
Conjurations   | |  1.8

Action                   |  1- 3 |  4- 6 || total
-------------------------+-------+-------++-------
Melee: Unarmed           |    15 |       ||    15
       Dagger            |    44 |     8 ||    52
 Cast: Shock             |    20 |    17 ||    37
 Abil: Spit Poison       |    10 |     1 ||    11
 Stab: Sleeping          |     2 |       ||     2
Armor: Robe              |    21 |     1 ||    22
Dodge: Dodged            |    33 |     6 ||    39

Table legend: (Time is in decaauts)
 A = Elapsed time spent in this place.
 B = Non-inter-level travel time spent in this place.
 C = Inter-level travel time spent in this place.
 D = Time resting spent in this place.
 E = Time spent auto-exploring this place.
 F = Levels seen in this place.
 G = Mean time per level.
                   A        B        C        D        E       F      G
               +--------+--------+--------+--------+--------+-----+--------+
         Total |   3346 |   3237 |    109 |    131 |   2815 |   3 | 1115.3 |
       Dungeon |   3346 |   3237 |    109 |    131 |   2815 |   3 | 1115.3 |
               +--------+--------+--------+--------+--------+-----+--------+

Top non-repeatable levels by time:
     D:1: 1894 daAuts
     D:2: 1327 daAuts
     D:3: 125 daAuts
